 Dungeon Crawl Stone Soup version 0.29.1-15-g9cfb28693d (webtiles) character file.

Game seed: 8236806480700706881

133 Eitelfritz the Chiller (level 4, -4/30 HPs)
             Began as a Demonspawn Ice Elementalist on Apr 8, 2023.
             Killed by nerve-wracking pain
             ... invoked by Grinder
              (12 damage)
             ... on level 3 of the Dungeon.
             The game lasted 00:07:53 (2781 turns).

Eitelfritz the Chiller (DsIE)                       Turns: 2781, Time: 00:07:54

Health: -4/30      AC:  7    Str:  8    XL:     4   Next: 94%
Magic:  2/8        EV: 12    Int: 21    God:
Gold:   90         SH:  0    Dex: 14    Spells: 4/8 levels left

rFire   . . .      SeeInvis .   a - +0 short sword
rCold   + . .      Faith    .   (no shield)
rNeg    . . .      Spirit   .   o - +2 robe of Kikubaaqudgha's Whim {rC+ Will+++ Int+3 Stlth-}
rPois   .          Reflect  .   (no helmet)
rElec   .          Harm     .   (no cloak)
rCorr   .          Rampage  .   (no gloves)
Will    +....                   k - +0 pair of boots
Stlth   +.........              (no amulet)
HPRegen 0.10/turn               (no ring)
MPRegen 0.11/turn               (no ring)

@: brilliant, weak-willed
A: claws 1, molten scales 1
a: no special abilities


You were on level 3 of the Dungeon.
You visited 1 branch of the dungeon, and saw 3 of its levels.

You collected 90 gold pieces.

Inventory:

Hand Weapons
 a - a +0 short sword (weapon)
 b - a +0 sling
 d - a +0 dagger
Missiles
 q - 4 curare-tipped darts
Armour
 k - a +0 pair of boots (worn)
 o - the +2 robe of Kikubaaqudgha's Whim (worn) {rC+ Will+++ Int+3 Stlth-}
   (You found it on level 2 of the Dungeon)

   Int:       It affects your intelligence (+3).
   rC:        It protects you from cold.
   Will:      It greatly increases your willpower.
   Stlth:     It makes you less stealthy.
Magical Staves
 i - a staff of death
Wands
 t - a wand of mindburst (11)
Scrolls
 j - a scroll of fear {unknown}
 l - a scroll of enchant armour {unknown}
 m - a scroll of amnesia {unknown}
 r - a scroll of poison {unknown}
 s - a scroll of blinking {unknown}
Potions
 c - a potion of brilliance
 g - a potion of lignification {unknown}
 n - a potion of curing
 p - 2 potions of berserk rage {unknown}
 u - a potion of heal wounds {unknown}


   Skills:
 + Level 0.1 Fighting
 + Level 2.5 Dodging
 + Level 2.1 Stealth
 + Level 2.9 Spellcasting
 + Level 4.8 Ice Magic


You had 4 spell levels left.
You knew the following spells:

 Your Spells              Type           Power      Damage    Failure   Level
a - Freeze                Ice            100%       1d11      1%          1
b - Frozen Ramparts       Ice            68%        1d11      5%          3

Your spell library contained the following spells:

 Spells                   Type           Power      Damage    Failure   Level
 Ozocubu's Armour         Ice            34%        N/A       5%          3
 Hailstorm                Conj/Ice       19%        3d6       45%         4


Dungeon Overview and Level Annotations

Branches:
Dungeon (3/15)

Altars:
Cheibriados

Annotations:
D:3 Grinder


Innate Abilities, Weirdness & Mutations

You have sharp fingernails.
You are partially covered in molten scales. (AC +2)


Message History

Casting: Freeze (safe; 1% risk of failure)
Confirm with . or Enter, or press ? or * to list all spells.
Aiming: Freeze (safe; 1% risk of failure)
Press: ? - help, Shift-Dir - straight line, f/p - Grinder
Aim: Grinder (black smoke, lightly wounded)
You feel a surge of power!
You freeze Grinder.
Grinder resists.
Grinder is lightly wounded.
The wall freezes Grinder but does no damage.
Grinder barely misses you.
Casting: Freeze (safe; 1% risk of failure)
Confirm with . or Enter, or press ? or * to list all spells.
Aiming: Freeze (safe; 1% risk of failure)
Press: ? - help, Shift-Dir - straight line, f/p - Grinder
Aim: Grinder (black smoke, lightly wounded)
You feel a surge of power!
You freeze Grinder.
Grinder resists.
Grinder is lightly wounded.
Grinder completely resists.
The wall freezes Grinder but does no damage.
Grinder says, "You look like you could use a good racking."
Grinder hits you but does no damage.
You barely miss Grinder.
Grinder is lightly wounded.
Grinder resists.
The wall freezes Grinder.
Grinder completely misses you.
You hit Grinder.
Grinder is moderately wounded.
The frozen ramparts melt away.
Grinder closely misses you.
You closely miss Grinder.
Grinder is moderately wounded.
Grinder hits you.
* * * LOW HITPOINT WARNING * * *
You writhe in agony.
* * * LOW HITPOINT WARNING * * *
Grinder barely misses you.
Okay, then.
Unknown command.
As you read the scroll labelled RULUPT TOQ JACS, it crumbles to dust.
Magic quickly surges around you.
It was a scroll of vulnerability.
Grinder gestures at you. Pain shoots through your body!
You die...

#........<
#...#.5.#
#...#...##.# # #
#...#5......
#.#.####...........
..............)....
.......§§###..###.#
#......§5###§.###.
#.#.####§@§§§.....
#..# #.###§.###.
#...#.###..###.##.
#....†..........
........####.##...#
....##....##.##...#
... ....#..#......#
.. .###.##...##..##
... #.####.##..##.#


You could see Grinder (weak-willed).

Vanquished Creatures
  5 gnolls
  3 adders
  A worm (D:3)
  A dart slug (D:3)
  7 endoplasms
  2 giant cockroaches (D:2)
  6 goblins
  6 hobgoblins
  4 jackals (D:3)
  4 kobolds
  A quokka (D:2)
  7 ball pythons
  2 frilled lizards
  A rat (D:2)
50 creatures vanquished.

Notes
Turn   | Place    | Note
-------+----------+-------------------------------------------
     0 | D:1      | Eitelfritz the Demonspawn Ice Elementalist began the quest
                  | for the Orb.
     0 | D:1      | Reached XP level 1. HP: 13/13 MP: 3/3
   205 | D:1      | Reached skill level 4 in Ice Magic
   205 | D:1      | Gained mutation: You are partially covered in molten
                  | scales. (AC +2) [demonic ancestry]
   205 | D:1      | Reached XP level 2. HP: 7/19 MP: 0/5
   846 | D:1      | Reached XP level 3. HP: 24/24 MP: 4/6
  1180 | D:2      | Learned a level 3 spell: Frozen Ramparts
  1404 | D:2      | Identified the +2 robe of Kikubaaqudgha's Whim {rC+ Will+++
                  | Int+3 Stlth-}
  1595 | D:2      | Gained mutation: You have sharp fingernails. [demonic
                  | ancestry]
  1595 | D:2      | Reached XP level 4. HP: 30/30 MP: 2/7
  2386 | D:3      | Found a snail-covered altar of Cheibriados.
  2760 | D:3      | Noticed Grinder
  2781 | D:3      | Killed from afar by Grinder

Illustrated notes

Levels and vault maps discovered:
D:1:      dpeg_arrival_central, layout_rooms
D:2:      layout_basic, basic_altar, st_stairs_1, minmay_misc_feat_cross
D:3:      layout_basic, mainiacjoe_overflow_alcove_4, glass_columns_a,
          uniq_grinder

Skill      XL: |  1  2  3  4 |
---------------+-------------+-----
Dodging        | 2 |  2.5
Ice Magic      | 4 |  4.8
Stealth        | 2 |  2.1
Fighting       | |  0.1
Spellcasting   | |  2.9

Action                   |  1- 3 |  4- 6 || total
-------------------------+-------+-------++-------
Melee: Dagger            |     4 |       ||     4
       Unarmed           |     1 |       ||     1
       Short sword       |     9 |    18 ||    27
 Cast: Freeze            |    44 |    19 ||    63
       Frozen Ramparts   |     1 |     5 ||     6
  Use: Scroll            |       |     4 ||     4
       Potion            |       |     3 ||     3
 Stab: Sleeping          |     3 |       ||     3
Armor: Robe              |    17 |     6 ||    23
Dodge: Dodged            |    30 |    19 ||    49
